 Dungeon Crawl Stone Soup version 0.28.0-53-g5a82cb258f (webtiles) character file.

Game seed: 8234536238189098442

77 bwicke the Changer (level 4, -2/41 HPs)
             Began as an Ogre Transmuter on Aug 11, 2022.
             Killed from afar by Ijyb (5 damage)
             ... with a puff of flame
             ... on level 3 of the Dungeon.
             The game lasted 00:04:31 (2355 turns).

bwicke the Changer (Ogre Transmuter)                Turns: 2355, Time: 00:04:32

Health: -2/41      AC:  4    Str: 14    XL:     4   Next: 33%
Magic:  6/7        EV:  9    Int: 16    God:
Gold:   160        SH:  0    Dex:  9    Spells: 4/7 levels left

rFire   . . .      SeeInvis .     - Unarmed
rCold   . . .      Faith    .   (no shield)
rNeg    . . .      Spirit   .   a - +1 robe
rPois   .          Reflect  .   (helmet currently unavailable)
rElec   .          Harm     .   (no cloak)
rCorr   .          Rampage  .   (gloves unavailable)
Will    .....                   (boots unavailable)
Stlth   +.........              (no amulet)
HPRegen 0.13/turn               (no ring)
MPRegen 0.10/turn               (no ring)

@: appendages
A: horns 2, talons 2, large, unfitting armour, tough skin 1
a: End Transformation


You were on level 3 of the Dungeon.
You had temporarily grown beastly horns and talons.
You visited 1 branch of the dungeon, and saw 3 of its levels.

You collected 160 gold pieces.

Inventory:

Hand Weapons
 f - a +0 dagger
Missiles
 d - 17 stones
Armour
 a - a +1 robe (worn)
Scrolls
 e - a scroll of summoning {unknown}
 g - a scroll of amnesia {unknown}
 h - a scroll of blinking {unknown}
 i - a scroll of fog {unknown}
Potions
 j - 2 potions of cancellation


   Skills:
 - Level 1.3 Fighting
 - Level 1.7 Dodging
 - Level 2.6 Unarmed Combat
 - Level 2.4 Spellcasting
 + Level 4.0 Transmutations


You had 4 spell levels left.
You knew the following spells:

 Your Spells              Type           Power      Damage    Failure   Level
a - Beastly Appendage     Tmut           30%        N/A       3%          1
b - Wereblood             Tmut           15%        N/A       5%          2

Your spell library contained the following spells:

 Spells                   Type           Power      Damage    Failure   Level
 Spider Form              Tmut/Pois      8%         N/A       26%         3
 Ice Form                 Ice/Tmut       8%         N/A       65%         4


Dungeon Overview and Level Annotations

Branches:
Dungeon (3/15)

Altars:

Annotations:
D:3 Ijyb


Innate Abilities, Weirdness & Mutations

You have temporarily grown beastly horns and talons.
You are too large for most types of armour.
You have tough skin. (AC +1)


Message History

Ijyb is wielding a +0 dagger and carrying a wand of flame (12).
Ijyb shouts!
The orc shouts!
Your transformation is almost over.
The orc hits you with a +0 trident. The orc completely misses you.
Casting: Beastly Appendage (safe; 3% risk of failure)
Confirm with . or Enter, or press ? or * to list all spells.
You extend your transformation's duration.
The orc misses you. Ijyb hits you with a +0 dagger.
You hit Ijyb. You claw Ijyb, but do no damage.
You headbutt Ijyb, but do no damage.
Ijyb is lightly wounded.
The orc hits you from afar with a +0 trident.
Ijyb barely misses you.
You hit Ijyb but do no damage. You claw Ijyb, but do no damage.
Ijyb is lightly wounded.
The orc hits you from afar with a +0 trident.
Ijyb hits you with a +0 dagger.
You hit Ijyb but do no damage.
Ijyb is lightly wounded.
The orc hits you but does no damage. Ijyb closely misses you.
You hit Ijyb.
Ijyb is moderately wounded.
The orc hits you from afar with a +0 trident.
You closely miss Ijyb. You claw Ijyb.
Ijyb is heavily wounded.
Ijyb zaps a wand.
The puff of flame hits you!
The orc hits you from afar with a +0 trident.
* * * LOW HITPOINT WARNING * * *
Okay, then.
Unknown command.
Okay, then.
You hit Ijyb.
Ijyb is heavily wounded.
Ijyb barely misses you.
The orc hits you from afar with a +0 trident.
* * * LOW HITPOINT WARNING * * *
Okay, then.
Ijyb zaps a wand.
The puff of flame hits you.
You die...

..........<......##.##
.............###.#...#
..###......#.###)...#.#
#.....##...........
#...######.#...##.#
.....>........#...#
#####.######.### ###
#.######.###.#
#....@.g.$...####
#.######o........
####...... ...... #####


You could see Ijyb and an orc.

Vanquished Creatures
  3 adders (D:2)
  2 worms (D:2)
  2 dart slugs (D:1)
  An orc (D:2)
  8 ball pythons
  4 bats (D:1)
  2 endoplasms
  A giant cockroach (D:1)
  3 goblins
  2 hobgoblins
  4 jackals (D:1)
  A kobold (D:2)
  5 rats
38 creatures vanquished.

Notes
Turn   | Place    | Note
-------+----------+-------------------------------------------
     0 | D:1      | bwicke the Ogre Transmuter began the quest for the Orb.
     0 | D:1      | Reached XP level 1. HP: 19/19 MP: 3/3
    83 | D:1      | Reached skill level 2 in Transmutations
   114 | D:1      | Reached XP level 2. HP: 15/27 MP: 5/5
   551 | D:1      | Reached skill level 3 in Transmutations
   814 | D:1      | Reached XP level 3. HP: 32/33 MP: 6/6
   817 | D:1      | Learned a level 2 spell: Wereblood
  1768 | D:2      | Reached XP level 4. HP: 27/41 MP: 5/7
  2116 | D:2      | Reached skill level 4 in Transmutations
  2140 | D:2      | Identified the +3 leather armour of Insatiable Hunger {Harm
                  | rN+ Will++ Int-5}
  2342 | D:3      | Noticed Ijyb
  2355 | D:3      | Killed from afar by Ijyb

Illustrated notes

Levels and vault maps discovered:
D:1:      psy_arrival_whirlpool, layout_loops_cross
D:2:      layout_loops_ring, minmay_tall_x
D:3:      layout_loops_ring, dreamdust_ecumenical_altar_statues, uniq_ijyb

Skill      XL: |  1  2  3  4 |
---------------+-------------+-----
Transmutations | 2 3 4 |  4.0
Fighting       | |  1.3
Dodging        | |  1.7
Unarmed Combat | |  2.6
Spellcasting   | |  2.4

Action                   |  1- 3 |  4- 6 || total
-------------------------+-------+-------++-------
Melee: Unarmed           |    81 |    31 ||   112
       Kick              |    16 |    10 ||    26
       Headbutt          |    11 |     6 ||    17
       Punch             |     2 |       ||     2
 Cast: Beastly Appendage |    18 |     7 ||    25
  Use: Scroll            |       |     3 ||     3
 Stab: Sleeping          |     2 |       ||     2
Armor: Robe              |    25 |     9 ||    34
Dodge: Dodged            |    35 |    14 ||    49
